 Dungeon Crawl Stone Soup version 0.26-a0-113-gd8a95b6 (webtiles) character file.

Game seed: 1586607889963486093

45 Chirpers the Skirmisher (level 3, 0/34 HPs)
             Began as a Naga Fighter on June 26, 2020.
             Slain by Terence
             ... wielding a +2 vorpal hand axe
              (3 damage)
             ... on level 2 of the Dungeon.
             The game lasted 00:01:29 (1171 turns).

Chirpers the Skirmisher (Naga Fighter)              Turns: 1171, Time: 00:01:30

Health: 0/34       AC:  4    Str: 19    XL:     3   Next: 64%
Magic:  3/3        EV:  6    Int:  8    God:
Gold:   47         SH:  9    Dex: 10    Spells: 2/2 levels left

rFire    . . .     SeeInvis +   a - +0 long sword
rCold    . . .     Faith    .   c - +0 kite shield
rNeg     . . .     Spirit   .   k - +0 ring mail (curse)
rPois    +         Reflect  .   (no helmet)
rElec    .         Harm     .   (no cloak)
rCorr    .                      (no gloves)
MR       .....                  (no barding)
Stlth    ..........             (no amulet)
HPRegen  0.11/turn              (no ring)
MPRegen  0.08/turn              (no ring)

@: short of breath, very slow
A: large, see invisible, deformed body, poison resistance, slowness 2, slow
metabolism 1, spit poison 1, AC +1
a: Spit Poison


You were on level 2 of the Dungeon.
You were hungry.

You visited 1 branch of the dungeon, and saw 2 of its levels.

You collected 47 gold pieces.

Inventory:

Hand Weapons
 a - a +0 long sword (weapon)
Armour
 b - a +0 scale mail
 c - a +0 kite shield (worn)
 k - a cursed +0 ring mail (worn)
Wands
 i - a wand of random effects (22)
Scrolls
 e - 4 scrolls of identify {unknown}
 h - a scroll of amnesia {unknown}
 m - a scroll of teleportation {unknown}
Potions
 d - a potion of might
 g - a potion of curing {unknown}
 j - a potion of magic {unknown}
 n - a potion of lignification {unknown}
Comestibles
 f - 3 rations
 l - 2 chunks of flesh


   Skills:
 + Level 3.4 Fighting
 - Level 2.0 Long Blades
 + Level 2.8 Armour
 + Level 0.2 Dodging
 + Level 0.1 Stealth
 + Level 3.0 Shields


You had 2 spell levels left.
You didn't know any spells.
Your spell library was empty.

Dungeon Overview and Level Annotations

Branches:
Dungeon (2/15)

Altars:
Xom

Annotations:
D:2 Terence


Innate Abilities, Weirdness & Mutations

You cannot wear boots.
Your serpentine skin is tough. (AC +1)
You have supernaturally acute eyesight. (SInv)
Armour fits poorly on your strangely shaped body.
Your system is resistant to poisons. (rPois)
You cover ground very slowly.
You have a slow metabolism.
You can spit poison.


Message History

Terence is poisoned.
You feel slightly more hungry. You block Terence's attack.
You closely miss Terence. You block Terence's attack.
You barely miss Terence.
You have got your breath back.
You block Terence's attack.
You hit Terence but do no damage. You block Terence's attack.
Press: ? - help, Shift-Dir - straight line, f/p - Terence
Aim: Terence, wielding a +2 vorpal hand axe and wearing a cursed +0 scale mail (poisoned)
The splash of poison hits Terence!
Terence is heavily wounded.
You feel slightly more hungry. You block Terence's attack.
You closely miss Terence.
Terence is heavily wounded.
Terence looks more healthy.
Terence hits you with a +2 vorpal hand axe.
* * * LOW HITPOINT WARNING * * *
x2 Your shield prevents you from hitting Terence.
Terence is heavily wounded.
Terence hits you with a +2 vorpal hand axe.
You die...

#.#########
..........####..#
......@@!.$.....#
#.#######.#####.
#.# ####.# ##.##
..##.# ....#
#.##.# #.#.#
#[##.#####.# #
#.#........# #.#
#######.#..#######


You could see Terence.

Vanquished Creatures
  An adder (D:2)
  An ooze (D:1)
  2 leopard geckos (D:1)
  5 bats
  A giant cockroach (D:2)
  6 goblins
  4 hobgoblins (D:1)
  3 jackals (D:1)
  A frilled lizard (D:1)
  2 rats
26 creatures vanquished.

Notes
Turn   | Place    | Note
-------+----------+-------------------------------------------
     0 | D:1      | Chirpers the Naga Fighter began the quest for the Orb.
     0 | D:1      | Reached XP level 1. HP: 21/21 MP: 1/1
   129 | D:1      | Reached XP level 2. HP: 28/28 MP: 2/2
   540 | D:1      | Reached XP level 3. HP: 34/34 MP: 3/3
  1081 | D:2      | Found a shimmering altar of Xom.
  1153 | D:2      | Noticed Terence
  1171 | D:2      | Slain by Terence

Illustrated notes

Levels and vault maps discovered:
D:1:      nzn_arrival_crosshair, layout_loops_corners, dk_noncrumbling_2
D:2:      layout_loops_ring, nicolae_overflow_crystal_walls, uniq_terence

Skill      XL: |  1  2  3 |
---------------+----------+-----
Shields        | 3 |  3.0
Fighting       | |  3.4
Long Blades    | |  2.0
Armour         | |  2.8
Dodging        | |  0.2
Stealth        | |  0.1

Action                   || total
-------------------------++-------
Melee: Long sword        ||    86
 Abil: Spit Poison       ||     4
Armor: Scale mail        ||    26
       Ring mail         ||    20
Dodge: Dodged            ||    13
Block: Kite shield       ||    52
       Rpst.: Long sword ||     4

Table legend:
 A = Non-vault XP
 B = Vault XP
 C = Vault XP percentage of total XP
 D = Non-vault monster count
 E = Vault monster count
 F = Vault count percentage of total count
                 A         B        C        D         E       F
            +---------+---------+-------+---------+---------+-------
      Total |      65 |       0 |   0.0 |      26 |       0 |   0.0
            +---------+---------+-------+---------+---------+-------
        D:1 |      41 |       0 |   0.0 |      19 |       0 |   0.0
        D:2 |      24 |       0 |   0.0 |       7 |       0 |   0.0
            +---------+---------+-------+---------+---------+-------
